 Dungeon Crawl Stone Soup version 0.22-a0-93-g6b88ebb (webtiles) character file.

331 mortelune the Chiller (level 6, -4/61 HPs)
             Began as a Barachi Ice Elementalist on Jan 24, 2018.
             Slain by a centaur (9 damage)
             ... on level 2 of the Dungeon.
             The game lasted 00:14:34 (6757 turns).

mortelune the Chiller (Barachi Ice Elementalist)    Turns: 6757, Time: 00:14:34

Health: -4/61      AC:  3    Str: 14    XL:     6   Next: 52%
Magic:  11/11      EV: 12    Int: 17    God:
Gold:   191        SH:  0    Dex: 13    Spells: 2/12 levels left

rFire    + . .     SeeInvis .   n - +0 morningstar
rCold    + . .     Gourm    .   (no shield)
rNeg     . . .     Faith    .   s - +0 robe {rC+ rF+}
rPois    .         Spirit   .   m - +0 helmet
rElec    .         Reflect  .   (no cloak)
rCorr    .         Harm     .   (no gloves)
MR       .....                  (no boots)
Stlth    ..........             j - amulet of rage
HPRegen  0.20/turn              (no ring)
MPRegen  0.12/turn              (no ring)

@: berserking, can't hop, quick
A: +LOS, swims, slowness 1, strong legs 1
a: Hop, Evoke Berserk Rage


You were on level 2 of the Dungeon.
You were not hungry.

You visited 1 branch of the dungeon, and saw 4 of its levels.

You collected 191 gold pieces.

Inventory:

Hand Weapons
 f - a +0 dagger
 n - a +0 morningstar (weapon)
Armour
 a - a +0 robe
 m - a +0 helmet (worn)
 s - a +0 robe of resistance (worn)
Magical Staves
 t - an uncursed staff of wizardry
Jewellery
 j - an amulet of rage (around neck)
 u - an uncursed amulet of guardian spirit {unknown}
Scrolls
 d - 3 scrolls of remove curse {unknown}
 e - 2 scrolls of magic mapping {unknown}
 g - 3 scrolls of identify {unknown}
 o - 4 scrolls of amnesia {unknown}
 v - a scroll of enchant armour {unknown}
Potions
 h - a potion of heal wounds {unknown}
 i - a potion of haste {unknown}
 k - a potion of berserk rage
 l - a potion of resistance {unknown}
 p - a potion of might {unknown}
 q - a potion of ambrosia {unknown}
 r - a potion of degeneration {unknown}
 w - a potion of lignification {unknown}
 x - a potion of brilliance {unknown}
 z - a potion of magic {unknown}
Books
 b - a book of Frost

   Spells                             Type                      Level
   a - Freeze                         Ice                          1
   b - Throw Frost                    Conjuration/Ice              2
   c - Ozocubu's Armour               Charms/Ice                   3
   d - Throw Icicle                   Conjuration/Ice              4
   e - Summon Ice Beast               Ice/Summoning                4
Comestibles
 c - 5 rations


   Skills:
 - Level 2.1 Dodging
 - Level 1.7 Stealth
 + Level 3.9 Spellcasting
 * Level 4.8 Conjurations
 + Level 5.4 Ice Magic


You had 2 spell levels left.
You knew the following spells:

 Your Spells              Type           Power        Failure   Level  Hunger
a - Freeze                Ice            ###.         1%          1    None
b - Throw Frost           Conj/Ice       ###...       3%          2    ##.....
d - Throw Icicle          Conj/Ice       ###.....     19%         4    ####...
z - Ozocubu's Armour      Chrm/Ice       ##......     16%         3    ###....


Dungeon Overview and Level Annotations

Branches:
Dungeon (4/15)
 Temple: D:4-7

Altars:
Uskayaw

Annotations:
D:4 Eustachio


Innate Abilities, Weirdness & Mutations

Shadows flee at your approach. (+LOS)
You can swim through water.
You cover ground slowly.
You can hop short distances.


Message History

You see here an arrow.
The centaur shoots an arrow.
The arrow hits you!
* * * LOW HITPOINT WARNING * * *
You see here an arrow.
It was a potion of berserk rage.
A red film seems to cover your vision as you go berserk!
You feel yourself moving faster!
You feel mighty!
The centaur shoots an arrow.
The arrow closely misses you.
You are too berserk!
You feel a strong urge to attack something.
The centaur unwields an uncursed shortbow.
The centaur hits you.
* * * LOW HITPOINT WARNING * * *
You closely miss the centaur.
The centaur hits you but does no damage.
The centaur barely misses you.
You puncture the centaur!
The centaur is heavily wounded.
The centaur hits you!
You die...

#.........................#
#.##.
#...............(........##
#.##.
#.................(......#
#.##.
#......##................#
#....
#......##................#
####.
#......##.......(........#
#...
#......##......8(8.8.....#
#.##
#......######...(........#
#.#. #......#
#...@........# #...
######## #.#.c........#
#### #.#_).....#### #
#.%.....# ........#
.........# #.8.8.8..#
#........# ####.....#


You could see a centaur.

Vanquished Creatures
  An ogre (D:2)
  Jessica (D:3)
  2 orc wizards (D:3)
  5 adders
  2 oozes
  An adder skeleton (D:4)
  2 dart slugs (D:1)
  2 worms
  5 leopard geckos
  9 orcs
  6 bats
  4 giant cockroaches
  6 goblins
  9 hobgoblins
  7 jackals (D:1)
  A quokka (D:2)
  5 frilled lizards
  8 kobolds
  2 quokka skeletons (D:4)
  15 rats
93 creatures vanquished.

Notes
Turn   | Place    | Note
-------+----------+-------------------------------------------
     0 | D:1      | mortelune the Barachi Ice Elementalist began the quest for the Orb.
     0 | D:1      | Reached XP level 1. HP: 13/13 MP: 3/3
   451 | D:1      | Reached skill level 4 in Ice Magic
   451 | D:1      | Reached XP level 2. HP: 19/19 MP: 1/5
   455 | D:1      | Learned a level 2 spell: Throw Frost
  1312 | D:1      | Reached XP level 3. HP: 24/24 MP: 5/7
  2667 | D:2      | Reached XP level 4. HP: 19/30 MP: 3/8
  2839 | D:2      | Noticed an ogre
  3043 | D:2      | Learned a level 3 spell: Ozocubu's Armour
  3858 | D:3      | Noticed Jessica
  3864 | D:3      | Killed Jessica
  3864 | D:3      | Reached XP level 5. HP: 31/35 MP: 0/9
  4282 | D:3      | Learned a level 4 spell: Throw Icicle
  4792 | D:3      | Reached skill level 5 in Ice Magic
  5337 | D:3      | Reached XP level 6. HP: 41/41 MP: 7/11
  5966 | D:4      | Noticed Eustachio
  6748 | D:2      | Found a hide-covered altar of Uskayaw.
  6757 | D:2      | Slain by a centaur

Vault maps used:
D:1:      lemuel_arrival_rhombus
D:2:      eat_drink_and_be_merry_uskayaw
D:3:      first_ration, uniq_jessica
D:4:      kennysheep_slugbush, kennysheep_doodads, uniq_eustachio

Skill      XL: |  1  2  3  4  5 |
---------------+----------------+-----
Ice Magic      | 4 5 |  5.4
Conjurations   | 2 3 4 |  4.8
Spellcasting   | 3 |  3.9
Dodging        | |  2.1
Stealth        | |  1.7

Action                   |  1- 3 |  4- 6 || total
-------------------------+-------+-------++-------
Melee: Unarmed           |     1 |       ||     1
       Dagger            |    42 |    28 ||    70
       Staff             |       |    17 ||    17
       Morningstar       |       |    17 ||    17
 Cast: Freeze            |    44 |    45 ||    89
       Throw Frost       |    16 |    42 ||    58
       Throw Icicle      |       |    10 ||    10
       Ozocubu's Armour  |       |     1 ||     1
 Abil: Hop               |       |     2 ||     2
  Use: Potion            |       |     1 ||     1
  Eat: Chunk             |     6 |    15 ||    21
       Ration            |       |     1 ||     1
Armor: Robe              |    17 |    26 ||    43
Dodge: Dodged            |    49 |    77 ||   126

Table legend:
 A = Spawn XP
 B = Non-spawn XP
 C = Spawn XP percentage of total XP
 D = Spawn monster count
 E = Non-spawn monster count
 F = Spawn count percentage of total count
 G = Total turns spent on level
                    A         B        C        D         E        F      G
               +---------+---------+-------+---------+---------+-------+---------
         Total |       0 |     474 |   0.0 |       0 |      93 |   0.0 |  6757
               +---------+---------+-------+---------+---------+-------+---------
           D:1 |       0 |      69 |   0.0 |       0 |      38 |   0.0 |  2525
           D:2 |       0 |     225 |   0.0 |       0 |      29 |   0.0 |  2196
           D:3 |       0 |     173 |   0.0 |       0 |      23 |   0.0 |  1844
           D:4 |       0 |       7 |   0.0 |       0 |       3 |   0.0 |   192
               +---------+---------+-------+---------+---------+-------+---------
